 Dungeon Crawl Stone Soup version 0.16-a0-3992-g631dd12 (webtiles) character file.

53 timbw the Caller (level 3, 14/14 HPs)
             Began as a Felid Summoner on Feb 12, 2015.
             Quit the game on level 4 of the Dungeon.
             The game lasted 00:05:18 (1001 turns).

timbw the Caller (Felid Summoner)                   Turns: 1001, Time: 00:05:18

Health: 14/14      AC:  1    Str:  4    XL:     3   Next: 62%
Magic:  10/10      EV: 22    Int: 17    God:
Gold:   108        SH:  0    Dex: 16    Spells: 3 memorised, 3 levels left
                                        Lives:  0   Deaths: 1

rFire  . . .     SeeInvis +     (weapon unavailable)
rCold  . . .     Clarity  .     (armour unavailable)
rNeg   + . .     SustAb   .     (shield unavailable)
rPois  .         Gourm    .     (helmet unavailable)
rElec  .         Spirit   .     (cloak unavailable)
rCorr  .         Warding  +     (gloves unavailable)
rMut   .         Stasis   .     (boots unavailable)
MR     .....                    f - amulet of warding
Stlth  +++.......               (no ring)
                                g - +4 ring of evasion

@: quick, not resistant to hostile enchantments, fairly stealthy
A: paw claws, no armour, no weapons or thrown items, fangs 3, see invisible,
carnivore 3, speed 1, shaggy fur 1, slow metabolism 1, sharp paws
a: no special abilities


You were on level 4 of the Dungeon.
You were not hungry.

You visited 1 branch of the dungeon, and saw 4 of its levels.

You collected 108 gold pieces.

Inventory:

Jewellery
 f - an amulet of warding (around neck)
 g - a +4 ring of evasion (left paw)
Magical devices
 h - a wand of fire (7)
Scrolls
 i - a scroll of enchant weapon
Potions
 a - 3 potions of curing {unknown}
 d - 2 potions of restore abilities {unknown}
 e - a potion of poison {unknown}
 j - a potion of resistance {unknown}
Books
 b - a book of Callings

   Spells                             Type                      Level
   a - Summon Small Mammal            Summoning                    1
   b - Call Imp                       Summoning                    2
   c - Call Canine Familiar           Summoning                    3
   d - Summon Guardian Golem          Hexes/Summoning              4
   e - Summon Lightning Spire         Summoning/Air                4
   f - Summon Ice Beast               Ice/Summoning                4
Comestibles
 c - 2 meat rations
 k - a chunk of flesh


   Skills:
 - Level 2.6 Dodging
 - Level 2.6 Stealth
 + Level 3.6 Spellcasting
 + Level 5.0 Summonings


You had 3 spell levels left.
You knew the following spells:

 Your Spells              Type           Power        Failure   Level  Hunger
a - Summon Small Mammal   Summ           ###.         2%          1    None
b - Call Imp              Summ           ###.....     3%          2    ##.....
c - Call Canine Familiar  Summ           ###.....     10%         3    ###....


Dungeon Overview and Level Annotations

Branches:
Dungeon (4/15)
 Temple: D:4-7

Altars:
Fedhas


Innate Abilities, Weirdness & Mutations

You cannot wear armour.
You are incapable of wielding weapons or throwing items.
You have razor-sharp teeth.
You have supernaturally acute eyesight.
You are carnivorous and can eat meat at any time.
You cover ground quickly.
You are covered in fur (AC +1).
You have a slow metabolism.
Your paws have sharp claws that are effective at stabbing.


Message History

Attack!
Your white imp gestures at the orc priest.
The puff of frost misses the orc.
The puff of frost hits the orc priest.
The orc priest calls down the wrath of Beogh upon you.
Something smites you!
Ouch! That really hurt!
The orc hits your white imp but does no damage.
Your hound closely misses the orc priest.
Your white imp closely misses the orc.
An orc comes into view. It is wielding a short sword.
You swap places.
The orc priest mumbles some strange prayers to Beogh against you.
Something smites you!
You die...
Your hound bites the orc priest.
The orc hits you with a club. The orc hits your hound with a flail.
Your crimson imp closely misses the orc.
You are now level 3!
You rejoin the land of the living...
Are you sure you want to abandon this character and quit the game? (Confirm with "yes".)

#.......####'### ###
####...<# #....# #
######...## #....#
#........####....#####
#........##....<.....+
#........##.......####
#........##.......#
#........##.......+
#.....@..##.......#
#........##.......#
#........##.......#
########## ########


There were no monsters in sight!

Vanquished Creatures
  An ooze (D:4)
  A hobgoblin (D:1)
  2 bats (D:2)
  2 kobolds
  A rat (D:1)
7 creatures vanquished.

Vanquished Creatures (collateral kills)
  An ogre (D:4)
  A giant frog skeleton (D:4)
  A hound (D:4)
  A worker ant (D:4)
  An adder (D:4)
  A worm (D:2)
  A giant gecko (D:1)
  An orc (D:4)
  A ball python (D:4)
  A giant cockroach (D:3)
  2 goblins
  2 hobgoblins
  A kobold (D:4)
  2 quokkas
  2 giant newts
  2 rats (D:1)
21 creatures vanquished.

Vanquished Creatures (others)
  A crimson imp (D:4)
  2 hounds (D:4)
  2 quokkas (D:4)
  3 bats
  2 rats (D:2)
10 creatures vanquished.

Grand Total: 38 creatures vanquished

Notes
Turn   | Place    | Note
--------------------------------------------------------------
     0 | D:1      | timbw, the Felid Summoner, began the quest for the Orb.
     0 | D:1      | Reached XP level 1. HP: 7/7 MP: 4/4
   197 | D:2      | Reached XP level 2. HP: 6/11 MP: 1/6
   202 | D:2      | Learned a level 2 spell: Call Imp
   351 | D:3      | Noticed an ice beast
   689 | D:4      | Reached XP level 3. HP: 14/14 MP: 4/8
   694 | D:4      | Learned a level 3 spell: Call Canine Familiar
   697 | D:4      | Noticed an ogre
   714 | D:4      | Killed an ogre
   714 | D:4      | Reached XP level 4. HP: 18/18 MP: 1/12
   825 | D:4      | Reached skill level 5 in Summonings
   975 | D:4      | Found a blossoming altar of Fedhas.
  1000 | D:4      | Killed from afar by an orc priest
  1001 | D:4      | Reached XP level 3. HP: -2/14 MP: 7/10
  1001 | D:4      | Quit the game

Action                   |  1- 3 |  4- 6 || total
-------------------------+-------+-------++-------
Melee: Unarmed           |    30 |     5 ||    35
 Cast: Summon Small Mamm |    18 |     1 ||    19
       Call Imp          |    10 |     7 ||    17
       Call Canine Famil |     1 |     2 ||     3
  Use: Scroll            |     1 |       ||     1
 Stab: Sleeping          |     1 |       ||     1
  Eat: Chunk             |     8 |       ||     8
